 Dungeon Crawl Stone Soup version 0.29.1-15-g9cfb28693d (webtiles) character file.

Game seed: 13609153304472192390

9 leafyfresh the Sneak (level 2, 0/21 HPs)
             Began as an Octopode Delver on Mar 4, 2023.
             Slain by Blork the orc
             ... wielding a +2 long sword of holy wrath
              (10 damage)
             ... on level 5 of the Dungeon.
             The game lasted 00:00:11 (24 turns).

leafyfresh the Sneak (Octopode Delver)                Turns: 24, Time: 00:00:12

Health: 0/21       AC:  1    Str: 11    XL:     2   Next: 12%
Magic:  2/2        EV: 13    Int: 12    God:
Gold:   6          SH:  0    Dex: 13    Spells: 1/1 levels left

rFire   . . .      SeeInvis .   a - +0 short sword
rCold   . . .      Faith    .   (no shield)
rNeg    . . .      Spirit   .   (helmet restricted)
rPois   .          Reflect  .   (no amulet)
rElec   .          Harm     .   (no ring)
rCorr   .          Rampage  .   (no ring)
Will    .....                   (no ring)
Stlth   ++++......              (no ring)
HPRegen 0.07/turn               (no ring)
MPRegen 0.08/turn               (no ring)
                                (no ring)
                                (no ring)

@: no status effects
A: almost no armour, amphibious, 8 rings, camouflage 1, gelatinous body 1,
(nimble swimmer 1), tentacles
a: no special abilities


You were on level 5 of the Dungeon.
You visited 1 branch of the dungeon, and saw 1 of its levels.

You collected 6 gold pieces.

Inventory:

Hand Weapons
 a - a +0 short sword (weapon)
Wands
 f - a wand of digging (3)
 g - a wand of light (7)
Scrolls
 b - a scroll of fog
 c - a scroll of magic mapping
 d - a scroll of fear
Potions
 e - a potion of haste


   Skills:
 + Level 3.2 Fighting
 - Level 2.0 Short Blades
 + Level 2.2 Dodging
 + Level 6.8 Stealth


You had one spell level left.
You didn't know any spells.
Your spell library was empty.

Dungeon Overview and Level Annotations

Branches:
Dungeon (5/15)
 Temple: D:4-7

Altars:

Annotations:
D:5 Blork the orc


Innate Abilities, Weirdness & Mutations

You cannot wear most types of armour.
You are amphibious.
You can wear up to eight rings at the same time.
Your skin changes colour to match your surroundings (Stealth+).
Your rubbery body absorbs attacks. (AC +1, EV +1)
((You are camouflaged when in or above water. (Stealth+)))
You have tentacles for arms and can constrict up to eight enemies at once.


Message History

Welcome, leafyfresh the Octopode Delver.
The heart of this dungeon contains the majestic artefact, the Orb of Zot.
Press ? for a list of commands and other information.
Found a silver wand, 6 stones and 6 gold pieces.
Found a stone staircase leading down.
g - a wand of light (7) No target in view!
You see here 6 stones.
You now have 6 gold pieces.
Found a falchion.
No target in view!
An adder comes into view.
Found a stone staircase leading up.
Found a stone staircase leading up.
An adder is nearby!
An adder is nearby!
Blork the orc comes into view.
He is wielding a +2 long sword of holy wrath.
The helpless adder fails to defend itself.
You puncture the adder!
You kill the adder!
You have reached level 2!
There is a stone staircase leading up here.
The helpless Blork the orc fails to defend himself.
You puncture Blork the orc! Your grab misses Blork the orc.
Blork the orc is heavily wounded.
Blork the orc casts a spell at you. The puff of flame hits you!
Ouch! That really hurt!
Unknown command.
You hit Blork the orc. You grab Blork the orc.
You squeeze Blork the orc, but do no damage.
Blork the orc is severely wounded.
You constrict Blork the orc.
Blork the orc hits you with a +2 long sword of holy wrath!
You die...

... ####...........
......## ###...........
.....# ####.............
..... ##............##..
.....##.#............# #
................?......#
..................#....#
.....#............##..##
#.o@<...).....# ..#
##......<....## ##
#####.......# ####...##
..#... .##... .. ... #
..


You could see Blork the orc.

Vanquished Creatures
  An adder (D:5)
1 creature vanquished.

Notes
Turn   | Place    | Note
-------+----------+-------------------------------------------
     0 | D:5      | leafyfresh the Octopode Delver began the quest for the Orb.
     0 | D:5      | Reached XP level 1. HP: 16/16 MP: 1/1
    14 | D:5      | Noticed Blork the orc
    19 | D:5      | Reached XP level 2. HP: 21/21 MP: 2/2
    24 | D:5      | Slain by Blork the orc

Illustrated notes

Levels and vault maps discovered:
D:5:      dreamdust_elfheim, layout_cave_pools,
          minmay_temple_entry_enclosed_plants, uniq_blork_the_orc

Action                   || total
-------------------------++-------
Melee: Short sword       ||     3
       Constrict         ||     1
       Tentacles         ||     1
 Stab: Sleeping          ||     2
